 Dungeon Crawl Stone Soup version 0.29.1-1-gd02db6906a (webtiles) character file.

Game seed: 4940438239538354924

51 raph the Digger (level 3, 0/19 HPs)
             Began as a Gargoyle Earth Elementalist on Oct 16, 2022.
             Slain by a goblin
             ... wielding a +0 dagger
             ... led by Robin
              (1 damage)
             ... on level 2 of the Dungeon.
             The game lasted 00:02:26 (1530 turns).

raph the Digger (Gargoyle Earth Elementalist)       Turns: 1530, Time: 00:02:26

Health: 0/19       AC:  5    Str: 11    XL:     3   Next: 83%
Magic:  5/6        EV: 11    Int: 17    God:
Gold:   112        SH:  0    Dex: 10    Spells: 0/6 levels left

rFire   . . .      SeeInvis .   l - +1 dagger (pain)
rCold   . . .      Faith    .   (no shield)
rNeg    + . .      Spirit   .   a - +0 robe
rPois   ∞          Reflect  .   (no helmet)
rElec   +          Harm     .   (no cloak)
rCorr   .          Rampage  .   (no gloves)
Will    .....                   (no boots)
Stlth   ++........              (no amulet)
HPRegen 0.06/turn               (no ring)
MPRegen 0.10/turn               (no ring)

@: no status effects
A: sickness immunity, AC +3, negative energy resistance 1, electricity
resistance, torment resistance 1, petrification resistance
a: no special abilities


You were on level 2 of the Dungeon.
You visited 1 branch of the dungeon, and saw 2 of its levels.

You collected 112 gold pieces.

Inventory:

Hand Weapons
 j - a +0 short sword
 l - a +1 dagger of pain (weapon)
 m - a +1 vampiric dagger
Missiles
 d - 2 boomerangs
Armour
 a - a +0 robe (worn)
Scrolls
 g - a scroll of fog {unknown}
 i - a scroll of immolation {unknown}
Potions
 b - a potion of magic
 c - a potion of brilliance {unknown}
 e - a potion of flight {unknown}
 f - a potion of might {unknown}
 h - 2 potions of lignification {unknown}
 k - a potion of haste {unknown}


   Skills:
 - Level 1.5 Dodging
 - Level 2.1 Stealth
 - Level 2.0 Spellcasting
 + Level 1.3 Conjurations
 - Level 0.7 Transmutations
 + Level 5.3 Earth Magic


You couldn't memorise any spells.
You knew the following spells:

 Your Spells              Type           Power      Damage    Failure   Level
a - Sandblast             Erth           38%        2d10      2%          1
b - Passwall              Tmut/Erth      9%         N/A       9%          2
c - Stone Arrow           Conj/Erth      26%        3d8       16%         3

Your spell library contained the following spells:

 Spells                   Type           Power      Damage    Failure   Level
 Slow                     Hex            4%         N/A       19%         1
 Confusing Touch          Hex            1%         N/A       50%         3
 Vampiric Draining        Necr           1%         2d6       50%         3
 Petrify                  Tmut/Erth      11%        N/A       50%         4


Dungeon Overview and Level Annotations

Branches:
Dungeon (2/15)

Altars:

Annotations:
D:2 Robin


Innate Abilities, Weirdness & Mutations

You are immune to sickness and miasma.
Your stone body is resilient. (AC +3)
You are immune to poison.
You resist negative energy. (rN+)
You are resistant to electric shocks. (rElec)
You are resistant to unholy torment.
You are immune to petrification.


Message History

A goblin comes into view. It is wielding a +0 club.
The hobgoblin closely misses you.
Aiming: Sandblast (safe; 2% risk of failure)
Press: ? - help, Q - select action, (/) - cycle Shift-Dir - straight line, f - goblin
Aim: a goblin, wielding a +0 dagger (strong, 77% to hit)
The blast of sand hits the goblin!!
You kill the goblin!
The hobgoblin no longer looks unusually strong.
The hobgoblin barely misses you.
The hobgoblin hits you but does no damage.
Robin roars a battlecry!
The goblins go into a battle-frenzy!
The hobgoblin attacks as you move away! The hobgoblin barely misses you.
The hobgoblin no longer looks unusually strong.
Robin roars a battlecry!
The hobgoblin goes into a battle-frenzy!
Things that are here:
a +0 dagger; a +0 club; a goblin corpse Robin says, "Bow before me, strongest of all the hobgoblins!"
Robin throws the goblin at you!
* * * LOW HITPOINT WARNING * * *
There is an open door here.
You hit the goblin.
The goblin is moderately wounded.
The goblin barely misses you. The hobgoblin barely misses you.
The goblin no longer looks unusually strong.
Okay, then.
The hobgoblin attacks as you move away! The hobgoblin barely misses you.
There is an open door here.
The hobgoblin attacks as you move away! The hobgoblin closely misses you.
The goblin attacks as you move away! The goblin completely misses you.
The goblin attacks as you move away! The goblin barely misses you.
The hobgoblin no longer looks unusually strong.
The goblin no longer looks unusually strong.
Robin throws the goblin at you!
* * * LOW HITPOINT WARNING * * *
The goblin closely misses you.
The hobgoblin no longer looks unusually strong.
The goblin attacks as you move away! The goblin hits you with a +0 dagger.
You die...

### #######.## ##########
.#...#...#######........#
...#......##.........##.
...#.....###.###.###(#
.#####.......# #.# #.#
...#....###### #@###.##.#
...###### #.gg.....#
)#..# ####g##### .####
#.# .# ###g#
.######+##### ##.#.#
###...P.P...####...g#
..'.........'ggg....##
###........g####.....#


You could see a hobgoblin and 2 goblins.

Vanquished Creatures
  An adder (D:2)
  A worm (D:2)
  A dart slug (D:1)
  2 ball pythons (D:2)
  7 bats
  3 endoplasms
  7 goblins (D:2)
  3 jackals (D:1)
  3 kobolds
  A quokka (D:1)
  A frilled lizard (D:1)
  3 rats (D:1)
33 creatures vanquished.

Notes
Turn   | Place    | Note
-------+----------+-------------------------------------------
     0 | D:1      | raph the Gargoyle Earth Elementalist began the quest for
                  | the Orb.
     0 | D:1      | Reached XP level 1. HP: 10/10 MP: 3/3
   184 | D:1      | Reached skill level 4 in Earth Magic
   300 | D:1      | Reached XP level 2. HP: 15/15 MP: 1/5
   460 | D:1      | Found a faded altar of an unknown god.
   823 | D:2      | Reached XP level 3. HP: 19/19 MP: 4/6
   826 | D:2      | Learned a level 2 spell: Passwall
   830 | D:2      | Learned a level 3 spell: Stone Arrow
   880 | D:2      | Reached skill level 5 in Earth Magic
  1357 | D:2      | Reached skill level 1 in Conjurations
  1489 | D:2      | Noticed Robin
  1530 | D:2      | Slain by a goblin

Illustrated notes

Levels and vault maps discovered:
D:1:      minmay_arrival_checkered_box, layout_basic,
          ebering_ecumenical_altar_box
D:2:      layout_loops_corners, cheibrodos_gnoll_hut, uniq_robin

Skill      XL: |  1  2  3 |
---------------+----------+-----
Earth Magic    | 4 5 |  5.3
Conjurations   | 1 |  1.3
Dodging        | |  1.5
Stealth        | |  2.1
Spellcasting   | |  2.0
Transmutations | |  0.7

Action                   || total
-------------------------++-------
Melee: Dagger            ||     6
 Cast: Sandblast         ||    43
       Stone Arrow       ||     1
Armor: Robe              ||    18
Dodge: Dodged            ||    36
